 Dungeon Crawl Stone Soup version 0.22-a0-617-g6d95e9e (webtiles) character file.

133 sking99 the Sneak (level 4, 0/30 HPs)
             Began as a Vampire Enchanter on July 12, 2018.
             Slain by a river rat (6 damage)
             ... on level 3 of the Dungeon.
             The game lasted 00:04:48 (2160 turns).

sking99 the Sneak (Vampire Enchanter)               Turns: 2160, Time: 00:04:48

Health: 0/30       AC:  4    Str:  7    XL:     4   Next: 94%
Magic:  2/8        EV: 13    Int: 17    God:
Gold:   154        SH:  0    Dex: 15    Spells: 2/8 levels left

rFire    . . .     SeeInvis +   a - +1 dagger
rCold    + . .     Gourm    .   (no shield)
rNeg     + + .     Faith    .   b - +0 robe
rPois    +         Spirit   .   (no helmet)
rElec    .         Reflect  .   k - +0 cloak
rCorr    .         Harm     .   g - +0 pair of gloves
MR       .....                  (no boots)
Stlth    ++........             (no amulet)
HPRegen  0.05/turn              (no ring)
MPRegen  0.11/turn              (no ring)

@: regenerating slowly, very slow
A: fangs 3, see invisible, unbreathing
a: Bat Form


You were on level 3 of the Dungeon.
You were thirsty.

You visited 1 branch of the dungeon, and saw 3 of its levels.

You collected 154 gold pieces.

Inventory:

Hand Weapons
 a - a +1 dagger (weapon)
Armour
 b - a +0 robe (worn)
 g - a +0 pair of gloves (worn)
 k - a +0 cloak (worn)
Jewellery
 i - a cursed ring of loudness {unknown}
Scrolls
 c - 3 scrolls of remove curse {unknown}
 e - a scroll of immolation {unknown}
 f - 3 scrolls of identify {unknown}
 j - a scroll of magic mapping {unknown}
 l - 2 scrolls of teleportation {unknown}
Potions
 d - 16 potions of blood
 h - a potion of haste {unknown}


   Skills:
 - Level 1.1 Short Blades
 + Level 3.2 Dodging
 * Level 6.4 Stealth
 + Level 2.7 Spellcasting
 + Level 5.4 Hexes


You had 2 spell levels left.
You knew the following spells:

 Your Spells              Type           Power        Failure   Level  Hunger
a - Ensorcelled Hibernat  Hex/Ice        ##....       9%          2    ##.....
b - Confuse               Hex            ###.....     6%          3    ###....
t - Corona                Hex            ###....      1%          1    #......

Your spell library contained the following spells:

 Spells                   Type           Power        Failure   Level  Hunger
 Tukima's Dance           Hex            ###.....     6%          3    ###....
 Dazzling Spray           Conj/Hex       ##....       19%         3    ###....


Dungeon Overview and Level Annotations

Branches:
Dungeon (3/15)

Altars:


Innate Abilities, Weirdness & Mutations

You heal slowly.
You have razor-sharp teeth.
You have supernaturally acute eyesight. (SInv)
You can survive without breathing.


Message History

You closely miss the river rat.
The river rat is severely wounded.
The river rat misses you. The rat bites you but does no damage.
The river rat barely misses you. x2
You see here a worm corpse.
Your unstable footing causes you to fumble your attack.
The river rat bites you.
You hit the river rat but do no damage.
The river rat is severely wounded.
The river rat bites you!
You completely miss the river rat.
The river rat is severely wounded.
The river rat completely misses you.
You closely miss the river rat.
The river rat is severely wounded.
The river rat bites you.
* * * LOW HITPOINT WARNING * * *
You see here a rat skeleton.
The river rat bites you.
You die...

###......#
#........# ####.
....#....).###.....
.####..........#
#.............#
#.##.....≈....#
#....†.†≈≈≈≈..# #
##..#≈≈#≈#≈##### #.
#...#≈≈≈≈≈≈≈@≈#
#..##.#.#########r#
#....#..# #≈≈≈r≈≈#
#..#...## #≈#r####.
#...#....# #
#≈≈≈≈#.###
....###..#
#≈##≈#.#.. ..
..##..# #≈≈ #...#
..#..# ##≈# #...# #
#.#.## ≈# #...#


You could see a river rat.

Vanquished Creatures
  5 adders
  2 river rats (D:3)
  An ooze (D:1)
  5 worms
  A dart slug (D:1)
  3 leopard geckos
  3 giant cockroaches
  8 goblins
  4 hobgoblins
  4 jackals
  A kobold (D:2)
  2 quokkas (D:2)
  A bat (D:2)
  4 frilled lizards
  6 rats
50 creatures vanquished.

Notes
Turn   | Place    | Note
-------+----------+-------------------------------------------
     0 | D:1      | sking99 the Vampire Enchanter began the quest for the Orb.
     0 | D:1      | Reached XP level 1. HP: 13/13 MP: 3/3
    94 | D:1      | Reached XP level 2. HP: 19/19 MP: 5/5
   258 | D:1      | Reached skill level 5 in Stealth
   760 | D:2      | Reached XP level 3. HP: 9/24 MP: 6/6
  1022 | D:2      | Learned a level 3 spell: Confuse
  1025 | D:2      | Learned a level 2 spell: Ensorcelled Hibernation
  1258 | D:2      | Reached skill level 5 in Hexes
  1412 | D:2      | Reached XP level 4. HP: 30/30 MP: 7/7
  1702 | D:3      | Reached skill level 6 in Stealth
  2160 | D:3      | Slain by a river rat

Vault maps used:
D:1:      giann_horns, kennysheep_pointless_box
D:3:      lightli_sewer_entry_pipes, uniq_jessica

Skill      XL: |  1  2  3  4 |
---------------+-------------+-----
Stealth        | 5 6 |  6.4
Hexes          | 5 |  5.4
Dodging        | 3 |  3.2
Short Blades   | |  1.1
Spellcasting   | |  2.7

Action                   |  1- 3 |  4- 6 || total
-------------------------+-------+-------++-------
Melee: Dagger            |   103 |    41 ||   144
       Bite              |     8 |     1 ||     9
 Cast: Ensorcelled Hiber |     1 |    16 ||    17
 Abil: End Transformatio |       |     1 ||     1
       Bat Form          |       |     1 ||     1
  Use: Potion            |     6 |       ||     6
 Stab: Sleeping          |    13 |    15 ||    28
       Distracted        |       |     1 ||     1
Armor: Robe              |    18 |    10 ||    28
Dodge: Dodged            |    61 |    29 ||    90

Table legend:
 A = Spawn XP
 B = Non-spawn XP
 C = Spawn XP percentage of total XP
 D = Spawn monster count
 E = Non-spawn monster count
 F = Spawn count percentage of total count
 G = Total turns spent on level
                    A         B        C        D         E        F      G
               +---------+---------+-------+---------+---------+-------+---------
         Total |       0 |     191 |   0.0 |       0 |      50 |   0.0 |  2160
               +---------+---------+-------+---------+---------+-------+---------
           D:1 |       0 |      32 |   0.0 |       0 |      14 |   0.0 |   578
           D:2 |       0 |      80 |   0.0 |       0 |      21 |   0.0 |  1322
           D:3 |       0 |      79 |   0.0 |       0 |      15 |   0.0 |   260
               +---------+---------+-------+---------+---------+-------+---------
